 Dungeon Crawl Stone Soup version 0.27-a0-1290-g15d3ce7508 (webtiles) character file.

Game seed: 1720161505220163923

137 Johnny the Magician (level 5, 0/31 HPs)
             Began as a Deep Elf Earth Elementalist on June 15, 2021.
             Slain by Grinder (5 damage)
             ... while paralysed by Grinder
             ... on level 3 of the Dungeon.
             The game lasted 00:02:32 (2486 turns).

Johnny the Magician (Deep Elf Earth Elementalist)   Turns: 2486, Time: 00:02:32

Health: 0/31       AC:  2    Str:  5    XL:     5   Next: 0%
Magic:  7/13       EV:  2    Int: 21    God:
Gold:   84         SH:  0    Dex: 15    Spells: 11/12 levels left

rFire    + . .     SeeInvis .   m - +1 spear (flame)
rCold    . . .     Faith    .   (no shield)
rNeg     . . .     Spirit   .   c - +0 robe
rPois    .         Reflect  .   (no helmet)
rElec    .         Harm     .   (no cloak)
rCorr    .         Rampage  .   (no gloves)
Will     .....                  (no boots)
Stlth    ++........             (no amulet)
HPRegen  0.10/turn              g - ring of protection from fire
MPRegen  0.13/turn              (no ring)

@: paralysed
A: no striking features
a: no special abilities


You were on level 3 of the Dungeon.
You visited 1 branch of the dungeon, and saw 3 of its levels.

You collected 84 gold pieces.

Inventory:

Hand Weapons
 h - a +0 short sword
 m - a +1 spear of flaming (weapon)
Missiles
 k - a throwing net
Armour
 c - a +0 robe (worn)
 n - a +0 helmet
Magical Staves
 q - a staff of conjuration
Jewellery
 g - a ring of protection from fire (left hand)
Wands
 p - a wand of flame (10)
Scrolls
 d - a scroll of amnesia {unknown}
 f - 2 scrolls of identify {unknown}
 i - a scroll of enchant armour {unknown}
 j - 2 scrolls of immolation
 o - a scroll of noise {unknown}
Potions
 a - 3 potions of attraction {unknown}
 e - a potion of curing {unknown}
 l - 2 potions of mutation {unknown}


   Skills:
 * Level 2.5 Fighting
 - Level 2.4 Dodging
 - Level 2.4 Stealth
 + Level 4.3 Spellcasting
 - Level 1.1 Transmutations
 + Level 4.2 Earth Magic


You had 11 spell levels left.
You knew the following spells:

 Your Spells              Type           Power      Damage    Failure   Level
a - Sandblast             Erth           44%        2d11      1%          1

Your spell library contained the following spells:

 Spells                   Type           Power      Damage    Failure   Level
 Passwall                 Tmut/Erth      12%        N/A       6%          2
 Corona                   Hex            4%         N/A       12%         1
 Stone Arrow              Conj/Erth      26%        3d8       14%         3
 Ensorcelled Hibernation  Hex/Ice        8%         N/A       17%         2
 Confusing Touch          Hex            4%         N/A       34%         3
 Dazzling Flash           Conj/Hex       8%         N/A       34%         3
 Tukima's Dance           Hex            4%         N/A       34%         3
 Petrify                  Tmut/Erth      15%        N/A       36%         4
 Lee's Rapid Deconstruct  Erth           11%        3d9*      50%         5


Dungeon Overview and Level Annotations

Branches:
Dungeon (3/15)

Altars:

Annotations:
D:3 3 runed translucent doors, Glokmah's ghost, amateur GrMo; Grinder; Jessica; sm0rk's ghost, amateur DjFE


Message History

Aim: an orc, wielding a +0 trident (81% to hit)
The blast of sand misses the orc.
The orc misses you.
Casting: Sandblast (safe; 1% risk of failure)
Confirm with . or Enter, or press ? or * to list all spells.
Aiming: Sandblast (safe; 1% risk of failure)
Press: ? - help, Shift-Dir - straight line, f/p - orc
Aim: an orc, wielding a +0 trident (81% to hit)
The blast of sand hits the orc!
You kill the orc!
Grinder gestures at you.
You barely resist.
You have reached level 5!
Casting: Sandblast (safe; 1% risk of failure)
Confirm with . or Enter, or press ? or * to list all spells.
Aiming: Sandblast (safe; 1% risk of failure)
Press: ? - help, Shift-Dir - straight line, f - Grinder
Aim: Grinder (78% to hit)
The blast of sand hits Grinder!
Grinder is lightly wounded.
Jessica the Apprentice Sorceress comes into view.
She is wielding a +0 club and carrying a wand of flame (26).
Casting: Sandblast (safe; 1% risk of failure)
Confirm with . or Enter, or press ? or * to list all spells.
Aiming: Sandblast (safe; 1% risk of failure)
Press: ? - help, Shift-Dir - straight line, f/p - Grinder
Aim: Grinder (lightly wounded, 78% to hit)
The blast of sand hits Grinder.
Grinder is moderately wounded.
You now have no stones remaining.
Jessica looks very angry.
No previous command to re-do.
Okay, then.
Things that are here:
a +0 club; a +0 chain mail Grinder gestures at you.
You suddenly lose the ability to move!
The orc hits you with a +0 whip. Grinder hits you!
You writhe in agony.
The orc hits you with a +0 whip. Grinder hits you.
* * * LOW HITPOINT WARNING * * *
You writhe in agony.
You die...

###..#>##......
.###......#####
............... #
...####.####### .##. ..##
#..## ##.... ...##
##..#####..... .
.#..#####.......# ...
...............######.....
.#######..###...@o.@)# .#
##.......)5...# .#
#########....# .# .....#
.. ......# ### .......#
.######## ##


You could see Grinder, Jessica and an orc.

Vanquished Creatures
  Ijyb (D:3)
  Robin (D:2)
  3 gnolls (D:2)
  A worm (D:2)
  4 dart slugs (D:1)
  3 orcs (D:3)
  2 ball pythons (D:1)
  4 bats
  4 endoplasms
  2 giant cockroaches (D:1)
  14 goblins
  7 hobgoblins
  3 kobolds
  3 quokkas
  2 frilled lizards
  2 rats
56 creatures vanquished.

Vanquished Creatures (others)
  A withered plant (D:3)
1 creature vanquished.

Grand Total: 57 creatures vanquished

Notes
Turn   | Place    | Note
-------+----------+-------------------------------------------
     0 | D:1      | Johnny the Deep Elf Earth Elementalist began the quest for
                  | the Orb.
     0 | D:1      | Reached XP level 1. HP: 10/10 MP: 6/6
   174 | D:1      | Reached XP level 2. HP: 14/16 MP: 1/8
   260 | D:1      | Reached skill level 1 in Fighting
   744 | D:1      | Reached XP level 3. HP: 20/20 MP: 3/10
  1039 | D:2      | Found a faded altar of an unknown god.
  1146 | D:2      | Noticed Robin
  1591 | D:2      | Reached XP level 4. HP: 26/26 MP: 9/11
  1836 | D:2      | Killed Robin
  2150 | D:3      | Noticed Ijyb
  2167 | D:3      | Killed Ijyb
  2428 | D:3      | Found a runed translucent gate.
  2429 | D:3      | Found a runed translucent gate.
  2430 | D:3      | Found a runed translucent gate.
  2439 | D:3      | Noticed Glokmah's ghost (amateur GrMo)
  2439 | D:3      | Noticed sm0rk's ghost (amateur DjFE)
  2476 | D:3      | Noticed Grinder
  2480 | D:3      | Reached XP level 5. HP: 26/31 MP: 8/13
  2480 | D:3      | Noticed Jessica
  2483 | D:3      | Paralysed by Grinder for 4 turns
  2486 | D:3      | Slain by Grinder

Illustrated notes

Levels and vault maps discovered:
D:1:      tarquinn_simple_flora_water_f, layout_rooms, chequers_garden,
          minmay_tetromino_l2
D:2:      layout_rooms, hellmonk_ecumenical_altar_blasted, uniq_robin
D:3:      layout_rooms, lemuel_crystal_altar, serial_curves, eino_curves_02,
          eino_curves_02, gammafunk_ghost_cemetery, portal_sewer_entry_e,
          hangedman_decor_opposing, uniq_ijyb, uniq_jessica, uniq_natasha,
          uniq_grinder

Skill      XL: |  1  2  3  4 |
---------------+-------------+-----
Fighting       | 1 2 |  2.5
Earth Magic    | 4 |  4.2
Spellcasting   | 4 |  4.3
Dodging        | |  2.4
Stealth        | |  2.4
Transmutations | |  1.1

Action                   |  1- 3 |  4- 6 || total
-------------------------+-------+-------++-------
Melee: Unarmed           |    13 |       ||    13
       Short sword       |    11 |       ||    11
       Spear             |       |    23 ||    23
 Cast: Sandblast         |    47 |    35 ||    82
 Stab: Sleeping          |       |     1 ||     1
Armor: Robe              |     7 |     4 ||    11
Dodge: Dodged            |    37 |    18 ||    55

Table legend: (Time is in decaauts)
 A = Elapsed time spent in this place.
 B = Non-inter-level travel time spent in this place.
 C = Inter-level travel time spent in this place.
 D = Time resting spent in this place.
 E = Time spent auto-exploring this place.
 F = Levels seen in this place.
 G = Mean time per level.
                   A        B        C        D        E       F      G
               +--------+--------+--------+--------+--------+-----+--------+
         Total |   2488 |   2428 |     60 |    338 |   1726 |   3 |  829.3 |
       Dungeon |   2488 |   2428 |     60 |    338 |   1726 |   3 |  829.3 |
               +--------+--------+--------+--------+--------+-----+--------+

Top non-repeatable levels by time:
     D:2: 1107 daAuts
     D:1: 1044 daAuts
     D:3: 337 daAuts
